 Dungeon Crawl Stone Soup version 0.13.0-6-g40e4d2d (webtiles) character file.

4760 Daniel the Thaumaturge (level 10, 0/56 HPs)
             Began as a High Elf Air Elementalist on Oct 15, 2013.
             Was a Believer of Vehumet.
             Killed from afar by an orc wizard (8 damage)
             ... with a magic dart
             ... on Level 9 of the Dungeon.
             The game lasted 00:52:23 (6551 turns).

Daniel the Thaumaturge (High Elf Air Elementalist)  Turns: 6551, Time: 00:52:23

HP   0/56        AC  5     Str  7      XL: 10   Next:  7%
MP   3/29        EV 11     Int 24      God: Vehumet [**....]
Gold 602         SH  7     Dex 15      Spells:  7 memorised, 11 levels left

Res.Fire  : . . .   See Invis. : +   G - +1 war axe (distort)
Res.Cold  : . . .   Warding    : .   U - +0 orc robe
Life Prot.: . . .   Conserve   : .   f - +0 elf buckler
Res.Poison: .       Res.Corr.  : .   B - +0 cap
Res.Elec. : .       Clarity    : .   (no cloak)
Sust.Abil.: . .     Spirit.Shd : .   m - +1 pair of dwarf gloves
Res.Mut.  : .       Stasis     : .   k - +0 pair of boots
Res.Rott. : .       Flight     : .   (no amulet)
Saprovore : . . .                    F - ring of see invisible
                                     E - ring of wizardry

@: quick, somewhat resistant to hostile enchantments, unstealthy
A: no striking features
a: Renounce Religion


You were on level 9 of the Dungeon.
You worshipped Vehumet.
Vehumet was pleased with you.
You were very hungry.

You visited 2 branches of the dungeon, and saw 10 of its levels.

You collected 582 gold pieces.

Inventory:

Hand weapons
 G - a +1,+1 war axe of distortion (weapon)
 P - the +5,+4 war axe "Pnanna" {chop, rF+ SInv, unknown}
   (You found it on level 6 of the Dungeon)

   It inflicts extra damage upon your enemies.
   It protects you from fire.
   It enhances your eyesight.
Missiles
 d - 44 darts (quivered)
 t - 39 poisoned needles
 I - 8 needles of paralysis
Armour
 f - a +0 elven buckler (worn)
 k - a +0 pair of boots (worn)
 m - a +1 pair of dwarven gloves (worn)
 B - a +0 cap (worn)
 U - a +0 orcish robe (worn)
Magical devices
 i - a wand of fireball (0)
 A - a wand of cold (9)
 L - a wand of flame (1)
 R - a wand of disintegration (13)
Comestibles
 c - 4 bread rations
 g - 3 meat rations
 l - a pear
 v - a choko
 K - a sausage
Scrolls
 a - a scroll of curse armour {unknown}
 j - 3 scrolls of enchant armour {unknown}
 o - a scroll of immolation {unknown}
 p - 2 scrolls of noise {unknown}
 r - 2 scrolls of enchant weapon II {unknown}
 y - 2 scrolls of teleportation {unknown}
 C - 2 scrolls of curse weapon {unknown}
 D - 5 scrolls of remove curse
 H - 2 scrolls of blinking {unknown}
 J - a scroll of magic mapping {unknown}
 N - a scroll of enchant weapon I {unknown}
 O - a scroll of curse jewellery {unknown}
Jewellery
 h - an uncursed ring of positive energy
 s - an uncursed ring of protection from fire
 E - a ring of wizardry (left hand)
 F - a ring of see invisible (right hand)
 S - an uncursed ring of sustain abilities {unknown}
Potions
 n - 2 potions of invisibility
 w - 2 potions of magic
 x - 3 potions of resistance
 z - a potion of brilliance
 M - a potion of cure mutation
 Q - a potion of heal wounds {unknown}
Books
 b - a book of Air

   Spells                             Type                      Level
   *Shock                             Conjuration/Air              1
   *Swiftness                         Charms/Air                   2
   *Repel Missiles                    Charms/Air                   2
   *Flight                            Charms/Air                   3
   *Static Discharge                  Conjuration/Air              3
   *Lightning Bolt                    Conjuration/Air              5
 e - a book of the Earth

   Spells                             Type                      Level
   Dig                                Earth                        4
   Leda's Liquefaction                Hexes/Earth                  4
   Bolt of Magma                      Conjuration/Fire/Earth       5
   Statue Form                        Transmutation/Earth          6
   Iron Shot                          Conjuration/Earth            6
   Shatter                            Earth                        9


   Skills:
 - Level 2.1 Dodging
 - Level 2.1 Stealth
 - Level 10.0 Spellcasting
 + Level 9.4 Conjurations
 - Level 5.2 Charms
 + Level 3.7 Ice Magic
 - Level 6.6 Air Magic


You had 11 spell levels left.
You knew the following spells:

 Your Spells              Type           Power        Failure   Level  Hunger
a - Shock                 Conj/Air       ####         1%          1    None
b - Swiftness             Chrm/Air       #####.....   1%          2    None
c - Repel Missiles        Chrm/Air       #####.....   1%          2    None
d - Static Discharge      Conj/Air       ######..     1%          3    None
e - Lightning Bolt        Conj/Air       ######....   3%          5    ###....
f - Flight                Chrm/Air       #####.....   1%          3    None
g - Throw Frost           Conj/Ice       #####.       1%          2    None


Dungeon Overview and Level Annotations

Branches:
Dungeon (9/27)             Temple (1/1) D:6             Orc (0/4) D:8
   Lair: D:8-13

Altars:
Ashenzari
Cheibriados
Elyvilon
Fedhas
Kikubaaqudgha
Makhleb
Nemelex Xobeh
Okawaru
Sif Muna
Trog
Vehumet
Xom
Yredelemnul
Zin
the Shining One


Message History

Things that are here:
an uncursed bow; 3 poisoned arrows
Found a pair of boots.
Found 13 gold pieces.
Casting: Throw Frost
Confirm with . or Enter, or press ? or * to list all spells.
Aiming: Lightning Bolt
Press: ? - help, Shift-Dir - straight line, f/p - orc wizard
Aim: an orc wizard, wielding an orcish dagger, wearing an orcish robe and wearing a large shield (lightly wounded)
You hear a mighty clap of thunder!
The bolt of lightning misses the orc wizard.
The bolt of lightning hits the komodo dragon.
The komodo dragon is severely wounded.
The bolt of lightning hits the worm.
You kill the worm!
Vehumet accepts your kill.
You feel your power returning. The orc wizard casts a spell at you.
The magic dart hits you!
You die...

#.......(#...#####.#
#)..(..........l...#
#.......##.Z%..Z..##
##....<####l#####.#
##....# #.# #.#
####.# #.# #Z. #.#
#o# #.## #.#
#.#####.# #.#
#@......# #g#
#...#......
#.##.....#####
#Z#.......#
#......[...#
.......$...#
##.........#
#.......# ...


You could see a komodo dragon, an orc wizard and a hippogriff zombie.

Vanquished Creatures
  Psyche (D:8)
  5 yaks (D:9)
  Menkaure (D:6)
  3 orc warriors
  4 ogres
  A black bear (D:7)
  4 ice beasts
  A phantom (D:7)
  5 centaurs
  2 giant frogs
  A wyvern zombie (D:9)
  2 crimson imps
  A goliath beetle (D:8)
  3 jellies
  2 hounds
  7 orc priests
  2 iguanas
  10 orc wizards
  2 scorpions (D:6)
  A worker ant (D:4)
  An ogre zombie (D:7)
  Ijyb (D:6)
  A mummy (D:8)
  6 adders
  2 giant mites
  An inept item mimic (D:2)
  4 worms
  A giant eyeball (D:6)
  7 giant geckos
  48 orcs
  A bat skeleton (D:6)
  A bat zombie (D:7)
  3 giant cockroaches
  9 goblins
  21 hobgoblins
  7 kobolds
  5 quokkas
  2 ball pythons (D:1)
  9 bats
  A giant gecko zombie (D:8)
  3 giant newts (D:3)
  A giant spore (D:6)
  6 jackals
  An orc skeleton (D:6)
  16 rats
  3 ballistomycetes (D:6)
219 creatures vanquished.

Vanquished Creatures (others)
  A worker ant zombie (D:5)
1 creature vanquished.

Grand Total: 220 creatures vanquished

Notes
Turn   | Place    | Note
--------------------------------------------------------------
     0 | D:1      | Daniel, the High Elf Air Elementalist, began the quest for the Orb.
     0 | D:1      | Reached XP level 1. HP: 11/11 MP: 4/4
   358 | D:1      | Reached XP level 2. HP: 10/17 MP: 3/5
   369 | D:1      | Learned a level 2 spell: Swiftness
   391 | D:1      | Reached skill level 4 in Air Magic
  1009 | D:2      | Reached XP level 3. HP: 21/21 MP: 8/8
  1014 | D:2      | Learned a level 2 spell: Repel Missiles
  1081 | D:2      | Found a shattered altar of Ashenzari.
  1603 | D:2      | Reached XP level 4. HP: 27/27 MP: 9/11
  1782 | D:3      | Paralysed by you for 6 turns
  1861 | D:3      | Reached skill level 5 in Air Magic
  2574 | D:3      | Reached XP level 5. HP: 22/31 MP: 7/14
  3132 | D:4      | Noticed an ogre
  3146 | D:4      | Killed an ogre
  3146 | D:4      | Reached XP level 6. HP: 36/36 MP: 9/18
  3199 | D:4      | Learned a level 3 spell: Static Discharge
  3237 | D:5      | Entered Level 5 of the Dungeon
  3242 | D:5      | Found a blossoming altar of Fedhas.
  3242 | D:5      | Found a snail-covered altar of Cheibriados.
  3308 | D:5      | Reached skill level 5 in Spellcasting
  3669 | D:5      | Reached skill level 6 in Spellcasting
  3669 | D:5      | Reached XP level 7. HP: 34/41 MP: 15/21
  3730 | D:5      | Learned a level 5 spell: Lightning Bolt
  3779 | D:5      | Reached skill level 5 in Conjurations
  3951 | D:6      | Reached skill level 7 in Spellcasting
  4020 | D:6      | Reached XP level 8. HP: 46/46 MP: 22/24
  4080 | D:6      | Reached skill level 8 in Spellcasting
  4149 | D:6      | Paralysed by a giant eyeball for 4 turns
  4156 | D:6      | Paralysed by a giant eyeball for 3 turns
  4161 | D:6      | Paralysed by a giant eyeball for 2 turns
  4186 | D:6      | Paralysed by a giant eyeball for 3 turns
  4251 | D:6      | Found a staircase to the Ecumenical Temple.
  4256 | Temple   | Entered the Ecumenical Temple
  4307 | Temple   | Became a worshipper of Vehumet
  4368 | D:6      | Found a radiant altar of Vehumet.
  4372 | D:6      | Noticed Menkaure
  4376 | D:6      | Killed Menkaure
  4418 | D:6      | Got a warped war axe
  4438 | D:6      | Noticed Ijyb
  4447 | D:6      | Killed Ijyb
  4447 | D:6      | Reached skill level 9 in Spellcasting
  4703 | D:7      | Learned a level 3 spell: Flight
  4846 | D:7      | Reached skill level 10 in Spellcasting
  4977 | D:7      | Reached skill level 1 in Charms
  4977 | D:7      | Reached XP level 9. HP: 27/51 MP: 21/28
  5090 | D:7      | Acquired Vehumet's first power
  5090 | D:7      | Offered knowledge of Freeze by Vehumet.
  5349 | D:8      | Noticed Psyche
  5354 | D:8      | Killed Psyche
  5831 | D:8      | Offered knowledge of Throw Frost by Vehumet.
  5835 | D:8      | Learned a level 2 spell: Throw Frost
  5972 | D:8      | Reached skill level 5 in Charms
  6094 | D:8      | Found a staircase to the Orcish Mines.
  6405 | D:9      | Reached skill level 1 in Ice Magic
  6482 | D:9      | Offered knowledge of Mephitic Cloud by Vehumet.
  6482 | D:9      | Reached XP level 10. HP: 30/56 MP: 5/29
  6510 | D:9      | HP: 2/56 [yak (11)]
  6551 | D:9      | Killed from afar by an orc wizard

Action                   |  1- 3 |  4- 6 |  7- 9 | 10-12 || total
-------------------------+-------+-------+-------+-------++-------
Melee: Dagger            |    86 |    32 |       |       ||   118
       Unarmed           |     3 |       |       |       ||     3
       War axe           |       |    20 |   109 |       ||   129
Throw: Dart              |    14 |    15 |       |       ||    29
 Cast: Shock             |    39 |    70 |   133 |     4 ||   246
       Swiftness         |       |     3 |     9 |     2 ||    14
       Static Discharge  |       |     2 |    12 |       ||    14
       Repel Missiles    |       |       |     8 |       ||     8
       Lightning Bolt    |       |       |    21 |     3 ||    24
       Throw Frost       |       |       |    28 |     1 ||    29
Evoke: Wand              |     1 |     5 |    16 |       ||    22
  Use: Scroll            |       |     6 |     3 |       ||     9
       Potion            |       |       |     1 |     1 ||     2
 Stab: Sleeping          |     1 |       |     1 |       ||     2
